 Dungeon Crawl Stone Soup version 0.27-a0-890-ged2907cb04 (webtiles) character file.

Game seed: 14740369597017566362

1 Kakkamies the Shield-Bearer (level 1, 18/18 HPs)
             Began as a Formicid Fighter on Apr 5, 2021.
             Was a Plaything of Xom.
             Got out of the dungeon alive.
             The game lasted 00:00:24 (78 turns).

Kakkamies the Shield-Bearer (Formicid Fighter)        Turns: 78, Time: 00:00:24

Health: 18/18      AC:  6    Str: 20    XL:     1   Next: 22%
Magic:  1/1        EV:  7    Int:  7    God:    Xom [..*...]
Gold:   11         SH:  9    Dex: 10    Spells: 0/0 levels left

rFire    . . .     SeeInvis +   a - +0 trident
rCold    . . .     Faith    .   c - +0 kite shield
rNeg     . . .     Spirit   .   b - +0 scale mail
rPois    .         Reflect  .   (helmet unavailable)
rElec    .         Harm     .   (no cloak)
rCorr    .         Rampage  .   (no gloves)
Will     .....                  (no boots)
Stlth    ..........             (no amulet)
HPRegen  0.06/turn              (no ring)
MPRegen  0.07/turn              (no ring)

@: no status effects
A: permanent stasis, dig shafts and tunnels, antennae 3, four strong arms
a: Dig, Shaft Self, Renounce Religion


You escaped.
You worshipped Xom.
You were a toy of Xom.
You visited 1 branch of the dungeon, and saw 1 of its levels.

You collected 11 gold pieces.

Inventory:

Hand Weapons
 a - a +0 trident (weapon)
Armour
 b - a +0 scale mail (worn)
 c - a +0 kite shield (worn)
Scrolls
 e - a scroll of fear {unknown}
Potions
 d - a potion of might
 f - a potion of ambrosia {unknown}


   Skills:
 + Level 3.3 Fighting
 + Level 2.0 Polearms
 + Level 3.3 Armour
 + Level 3.6 Shields


You couldn't memorise any spells.
You didn't know any spells.
Your spell library was empty.

Dungeon Overview and Level Annotations

Branches:
Dungeon (1/15)

Altars:
Xom


Innate Abilities, Weirdness & Mutations

You cannot be hasted, slowed, berserked, paralysed or teleported.
You can dig through walls and to a lower floor.
You have a pair of large antennae on your head. (SInv)
Your four strong arms can wield two-handed weapons with a shield.


Message History

The bat hits you but does no damage.
You barely miss the bat.
The bat is moderately wounded.
You block the bat's attack. The bat hits you but does no damage.
You puncture the bat!
You kill the bat!
No target in view!
No target in view!
No target in view!
No target in view!
No target in view!
No target in view!
HP restored.
A frilled lizard comes into view.
The frilled lizard hisses angrily.
Found a scroll labelled BEUXEE MUHIONI.
You reach to attack!
You miss the frilled lizard. You closely miss the frilled lizard.
The frilled lizard bites you but does no damage.
You block the frilled lizard's attack.
You puncture the frilled lizard!
You kill the frilled lizard!
No target in view!
No target in view!
No target in view!
No target in view!
Found 27 sling bullets.
No target in view!
Found a shiny ring mail.
There is a faded altar of an unknown god here.
You cannot tell which god this altar belongs to.
Convert to them anyway?
Xom accepts your prayer! Xom welcomes you!
Xom is very intrigued!
You see here a +1 ring mail of cold resistance.
You open the door.
There is an open door here.
There is a staircase leading out of the dungeon here.
Are you sure you want to leave the Dungeon?
This will make you lose the game!
You have escaped!

....?.............#...#.#
####...._...............#
#.#....#########.#...#
##.#....#.......#.##..#
....(...+.>.>.>.'.##..#
.######.#.......#..#..#
.# #[#########..#..###
#.#.......#........
#.'...@...'..##...# {
#.#.......##.# ..#
...######### .# .# ###.#
.. . #.# .## #.# .# #.#
.. { #.#


There were no monsters in sight!

Vanquished Creatures
  A bat (D:1)
  A frilled lizard (D:1)
2 creatures vanquished.

Notes
Turn   | Place    | Note
-------+----------+-------------------------------------------
     0 | D:1      | Kakkamies the Formicid Fighter began the quest for the Orb.
     0 | D:1      | Reached XP level 1. HP: 18/18 MP: 1/1
    36 | D:1      | Found a faded altar of an unknown god.
    63 | D:1      | Became a worshipper of Xom the Begetter of Turbulence
    78 | D:$      | Got out of the dungeon alive.

Illustrated notes

Levels and vault maps discovered:
D:1:      minmay_arrival_up_and_down, layout_basic, basic_ecumenical_altar,
          minmay_misc_feat_square, nrook_mini_vaults

Action                   || total
-------------------------++-------
Melee: Trident           ||     9
Armor: Scale mail        ||     5
Dodge: Dodged            ||     2
Block: Kite shield       ||     3

Table legend: (Time is in decaauts)
 A = Elapsed time spent in this place.
 B = Non-inter-level travel time spent in this place.
 C = Inter-level travel time spent in this place.
 D = Time resting spent in this place.
 E = Time spent auto-exploring this place.
 F = Levels seen in this place.
 G = Mean time per level.
                   A        B        C        D        E       F      G
               +--------+--------+--------+--------+--------+-----+--------+
         Total |     81 |     68 |     13 |      0 |     40 |   1 |   81.0 |
       Dungeon |     81 |     68 |     13 |      0 |     40 |   1 |   81.0 |
               +--------+--------+--------+--------+--------+-----+--------+

Top non-repeatable levels by time:
     D:1: 81 daAuts
